 Dungeon Crawl Stone Soup version 0.22.1-1-ga44c0e56f4 (webtiles) character file.

1197 LLavrengius the Shield-Bearer (level 8, -8/67 HPs)
             Began as a Gnoll Fighter on Sept 29, 2018.
             Was a Believer of Cheibriados.
             Mangled by an orc warrior
             ... wielding a +0 glaive
              (17 damage)
             ... on level 6 of the Dungeon.
             The game lasted 00:11:40 (4127 turns).

LLavrengius the Shield-Bearer (Gnoll Fighter)       Turns: 4127, Time: 00:11:41

Health: -8/67      AC: 14    Str: 26    XL:     8   Next: 44%
Magic:  0/12       EV:  8    Int: 16    God:    Cheibriados [**....]
Gold:   331        SH: 12    Dex: 19    Spells: 13/13 levels left

rFire    + . .     SeeInvis .   a - +0 long sword
rCold    . . .     Gourm    .   c - +0 shield
rNeg     . . .     Faith    .   m - +1 plate armour
rPois    .         Spirit   +   (no helmet)
rElec    .         Reflect  .   (no cloak)
rCorr    .         Harm     .   (no gloves)
MR       .....                  (no boots)
Stlth    ..........             l - amulet of guardian spirit
HPRegen  0.21/turn              u - ring of protection from fire
MPRegen  0.13/turn              w - ring of attention (curse)

@: very slightly contaminated, very slow
A: distributed training, fangs 1, strong nose
a: Bend Time, Renounce Religion


You were on level 6 of the Dungeon.
You worshipped Cheibriados.
Cheibriados was pleased with you.
You were very hungry.

You visited 1 branch of the dungeon, and saw 6 of its levels.

You collected 331 gold pieces.

Inventory:

Hand Weapons
 a - a +0 long sword (weapon)
 n - a +0 hunting sling
Missiles
 g - 15 poisoned needles
 r - 5 tomahawks (quivered)
 y - 20 sling bullets
Armour
 b - a +0 scale mail
 c - a +0 shield (worn)
 m - a +1 plate armour (worn)
Magical Staves
 A - a cursed staff of summoning {unknown}
Jewellery
 l - an amulet of guardian spirit (around neck)
 u - a ring of protection from fire (left hand)
 w - a cursed ring of attention (right hand)
Wands
 d - a wand of polymorph (9)
 x - a wand of clouds (8)
Scrolls
 j - 3 scrolls of enchant weapon {unknown}
 k - 4 scrolls of random uselessness {unknown}
 o - 4 scrolls of teleportation {unknown}
 q - 10 scrolls of identify {unknown}
 t - 3 scrolls of remove curse {unknown}
 z - a scroll of immolation {unknown}
Potions
 e - 2 potions of curing {unknown}
 i - 3 potions of mutation {unknown}
 p - 4 potions of heal wounds {unknown}
 C - a potion of agility {unknown}
Comestibles
 f - 7 rations


   Skills:
 + Level 7.3 Fighting
 + Level 3.2 Short Blades
 + Level 5.6 Long Blades
 + Level 3.2 Axes
 + Level 3.2 Maces & Flails
 + Level 3.2 Polearms
 + Level 3.2 Staves
 + Level 3.2 Slings
 + Level 3.2 Bows
 + Level 3.2 Crossbows
 + Level 3.2 Throwing
 + Level 7.3 Armour
 + Level 3.2 Dodging
 + Level 3.2 Stealth
 + Level 7.3 Shields
 + Level 3.2 Unarmed Combat
 + Level 3.2 Spellcasting
 + Level 2.6 Conjurations
 + Level 2.6 Hexes
 + Level 2.6 Charms
 + Level 2.6 Summonings
 + Level 2.6 Necromancy
 + Level 2.6 Translocations
 + Level 2.6 Transmutations
 + Level 2.6 Fire Magic
 + Level 2.6 Ice Magic
 + Level 2.6 Air Magic
 + Level 2.6 Earth Magic
 + Level 2.6 Poison Magic
 + Level 3.5 Invocations
 + Level 3.2 Evocations


You had 13 spell levels left.
You didn't know any spells.
Your spell library was empty.

Dungeon Overview and Level Annotations

Branches:
Dungeon (6/15)             Temple (0/1) D:5

Altars:
Cheibriados
Xom


Innate Abilities, Weirdness & Mutations

Your experience applies equally to all skills.
You have very sharp teeth.
Your uncanny sense of smell can sniff out nearby items.


Message History

The orc warrior hits you with a glaive!
You closely miss the orc warrior.
The orc warrior is lightly wounded.
You block the orc warrior's attack.
The orc warrior hits you with a glaive!!
* * * LOW HITPOINT WARNING * * *
Blink to where?
Press: ? - help, Dir - move target cursor You are very lightly contaminated with residual magic.
As you read the scroll labeled LUISAJA OMNEEROJ, it crumbles to dust.
It was a scroll of blinking.
The orc warrior rages.
As you read the scroll labeled NOTEUC TUCSABBURA, it crumbles to dust.
You feel aware of your surroundings.
You sensed 1 altar.
It was a scroll of magic mapping.
As you read the scroll labeled OMISORHUP, it crumbles to dust.
It is a scroll of enchant armour.
Your +0 plate armour glows green for a moment.
The orc warrior hits you with a glaive!!
You die...

,* #.#,,,*****,*,*,*,,,,, ,*
#<#,...,,,,,*,*,,,,>,, ,*
#.#,#.#******,*******,
############.#,...,,,,,,,,,,,,,,,
.......<.....#*#.#******,*******,
...########### #.# *,*******,
...# #.# *,**,,,,,, ...#
##.#######,**,,,,,, ####
#.@.......,**,,,,,,
#.o#######***,,,,,, # #..#
*,,,,,, # #..# *,,,,,, # #..#
*,,,,,, # #..# *,,,,,, # #..#
*,,,,,, ########## #..# ******,
'........######..# ***


You could see an orc warrior (berserk).

Vanquished Creatures
  Grinder (D:4)
  Eustachio (D:4)
  An ogre (D:3)
  A phantom (D:5)
  A necrophage (D:5)
  A scorpion (D:5)
  A crimson imp (D:5)
  A bullfrog zombie (D:5)
  A howler monkey (D:4)
  A jelly (D:5)
  2 orc priests
  2 orc wizards (D:4)
  A worker ant (D:4)
  6 gnolls (D:4)
  10 adders
  2 shadow imps (D:5)
  An ooze (D:4)
  4 adder skeletons
  6 worms
  3 dart slugs
  2 leopard geckos
  14 orcs
  2 ball pythons
  9 bats
  6 giant cockroaches
  7 goblins
  8 hobgoblins
  2 quokkas
  5 frilled lizards
  6 kobolds
  2 leopard gecko skeletons (D:4)
  5 rats
115 creatures vanquished.

Notes
Turn   | Place    | Note
-------+----------+-------------------------------------------
     0 | D:1      | LLavrengius the Gnoll Fighter began the quest for the Orb.
     0 | D:1      | Reached XP level 1. HP: 23/23 MP: 1/1
    17 | D:1      | Reached XP level 2. HP: 27/29 MP: 2/2
   220 | D:1      | Reached XP level 3. HP: 33/35 MP: 3/3
   542 | D:2      | Reached skill level 1 in Invocations
   864 | D:2      | Reached skill level 1 in Short Blades
   864 | D:2      | Reached skill level 1 in Axes
   864 | D:2      | Reached skill level 1 in Maces & Flails
   864 | D:2      | Reached skill level 1 in Polearms
   864 | D:2      | Reached skill level 1 in Staves
   864 | D:2      | Reached skill level 1 in Slings
   864 | D:2      | Reached skill level 1 in Bows
   864 | D:2      | Reached skill level 1 in Crossbows
   864 | D:2      | Reached skill level 1 in Throwing
   864 | D:2      | Reached skill level 1 in Dodging
   864 | D:2      | Reached skill level 1 in Stealth
   864 | D:2      | Reached skill level 1 in Unarmed Combat
   864 | D:2      | Reached skill level 1 in Spellcasting
   864 | D:2      | Reached skill level 1 in Evocations
   864 | D:2      | Reached XP level 4. HP: 41/41 MP: 5/5
  1134 | D:2      | Found a snail-covered altar of Cheibriados.
  1142 | D:2      | Became a worshipper of Cheibriados the Contemplative
  1407 | D:2      | Reached skill level 1 in Conjurations
  1407 | D:2      | Reached skill level 1 in Hexes
  1407 | D:2      | Reached skill level 1 in Charms
  1407 | D:2      | Reached skill level 1 in Summonings
  1407 | D:2      | Reached skill level 1 in Necromancy
  1407 | D:2      | Reached skill level 1 in Translocations
  1407 | D:2      | Reached skill level 1 in Transmutations
  1407 | D:2      | Reached skill level 1 in Fire Magic
  1407 | D:2      | Reached skill level 1 in Ice Magic
  1407 | D:2      | Reached skill level 1 in Air Magic
  1407 | D:2      | Reached skill level 1 in Earth Magic
  1407 | D:2      | Reached skill level 1 in Poison Magic
  1526 | D:3      | Reached XP level 5. HP: 39/47 MP: 6/6
  2004 | D:3      | Noticed an ogre
  2013 | D:3      | Killed an ogre
  2013 | D:3      | Reached XP level 6. HP: 29/53 MP: 4/8
  2061 | D:3      | Reached * piety under Cheibriados
  2358 | D:4      | Reached skill level 5 in Long Blades
  2608 | D:4      | Noticed Grinder
  2608 | D:4      | Noticed Eustachio
  2619 | D:4      | Killed Grinder
  2619 | D:4      | Reached XP level 7. HP: 42/60 MP: 5/10
  2626 | D:4      | Killed Eustachio
  2844 | D:4      | Reached ** piety under Cheibriados
  3015 | D:5      | Entered Level 5 of the Dungeon
  3105 | D:5      | Reached XP level 8. HP: 65/67 MP: 12/12
  3426 | D:5      | Found a shimmering altar of Xom.
  3610 | D:5      | Found a staircase to the Ecumenical Temple.
  4127 | D:6      | Mangled by an orc warrior

Skill      XL: |  1  2  3  4  5  6  7  8 |
---------------+-------------------------+-----
Invocations    | 1 2 3 |  3.5
Short Blades   | 1 2 3 |  3.2
Axes           | 1 2 3 |  3.2
Maces & Flails | 1 2 3 |  3.2
Polearms       | 1 2 3 |  3.2
Staves         | 1 2 3 |  3.2
Slings         | 1 2 3 |  3.2
Bows           | 1 2 3 |  3.2
Crossbows      | 1 2 3 |  3.2
Throwing       | 1 2 3 |  3.2
Dodging        | 1 2 3 |  3.2
Stealth        | 1 2 3 |  3.2
Unarmed Combat | 1 2 3 |  3.2
Spellcasting   | 1 2 3 |  3.2
Evocations     | 1 2 3 |  3.2
Conjurations   | 1 2 |  2.6
Hexes          | 1 2 |  2.6
Charms         | 1 2 |  2.6
Summonings     | 1 2 |  2.6
Necromancy     | 1 2 |  2.6
Translocations | 1 2 |  2.6
Transmutations | 1 2 |  2.6
Fire Magic     | 1 2 |  2.6
Ice Magic      | 1 2 |  2.6
Air Magic      | 1 2 |  2.6
Earth Magic    | 1 2 |  2.6
Poison Magic   | 1 2 |  2.6
Long Blades    | 5 |  5.6
Fighting       | 7 |  7.3
Armour         | 7 |  7.3
Shields        | 7 |  7.3

Action                   |  1- 3 |  4- 6 |  7- 9 || total
-------------------------+-------+-------+-------++-------
Melee: Long sword        |    97 |   205 |   150 ||   452
       Bite              |    15 |    26 |    28 ||    69
  Use: Potion            |       |     2 |       ||     2
       Scroll            |       |       |     3 ||     3
  Eat: Chunk             |       |     6 |     1 ||     7
Armor: Scale mail        |    28 |       |       ||    28
       Plate armour      |    33 |   103 |    58 ||   194
Dodge: Dodged            |    27 |    44 |    42 ||   113
Block: Shield            |    65 |   122 |   107 ||   294
       Rpst.: Long sword |    13 |     8 |    11 ||    32
